AoeStats
← SnK | YSYSMOOO

Fortress

507793205Analyzed
4v4 RM · 13d ago on Sep 19, 2026· 37m 33s· 8 players
Game mode
Random Map
Map size
Huge
Population
200
Speed
Normal
Resources
Standard
Victory
Conquest
Starting age
Dark Age
Ending age
Imperial Age
RankedLock teamsTeams togetherTeam positionsShared explorationLock speedFull tech treeHidden civsTurbo modeCheats
Victory
Defeat
🇲🇾 Persians · Malaysia
1857
+14
🇨🇿 Khmer · Czechia
1695
+20
🇦🇷 Ethiopians · Argentina
1650
+22
🇸🇰 Koreans · Slovakia
1623
+23
🇹🇷 Italians · Türkiye
1846
-22
🇹🇷 Saracens · Türkiye
1812
-21
🇹🇷 Khmer · Türkiye
1766
-19
🇹🇷 Wu · Türkiye
1731
-17
Franczesco
8:01 Feudal Age
10:42 Castle Age
8:55 Double-Bit Axe
8:52 Horse Collar
11:50 Bow Saw
12:25 Heavy Plow
17:48 Wheelbarrow
17:01 Loom
17:03 Town Watch
19:19 Hand Cart
19:42 Gold Mining
20:53 Stone Mining
24:06 Imperial Age
22:28 Stone Shaft Mining
22:49 Bloodlines
22:42 Husbandry
24:35 Scale Barding Armor
24:42 Bloodlines
25:59 Chain Barding Armor
26:15 Ballistics
25:43 Capped Ram
28:03 Plate Barding Armor
27:43 Siege Engineers
28:01 Elite Ballista Elephant
30:03 Chemistry
30:03 Double Crossbow
32:03 Gold Shaft Mining
31:48 Caravan
32:34 Conscription
32:45 Siege Ram
34:41 Forging
36:35 Iron Casting
35:21 Light Cavalry
38:17 Blast Furnace
B3rserk
8:42 Feudal Age
9:23 Double-Bit Axe
9:24 Horse Collar
12:24 Castle Age
14:44 Bow Saw
15:52 Loom
19:23 Wheelbarrow
19:32 Gold Mining
20:52 Stone Mining
24:56 Imperial Age
23:13 Scale Barding Armor
23:49 Stone Shaft Mining
23:59 Hand Cart
24:32 Chain Barding Armor
25:10 Forging
25:28 Elite War Elephant
27:20 Plate Barding Armor
27:38 Husbandry
28:04 Bloodlines
28:32 Iron Casting
33:01 Blast Furnace
34:17 Two-Man Saw
34:19 Conscription
34:12 Fletching
37:58 Caravan
38:21 Ballistics
39:01 Chemistry
SnK | YSYSMOOO
4:47 Loom
5:31 Loom
7:17 Feudal Age
10:53 Castle Age
8:55 Double-Bit Axe
9:14 Horse Collar
11:56 Bow Saw
14:35 Loom
15:33 Wheelbarrow
18:09 Heavy Plow
19:28 Hand Cart
19:53 Town Watch
20:37 Gold Mining
25:10 Imperial Age
22:23 Crossbowman
22:57 Fletching
23:59 Ballistics
23:54 Bodkin Arrow
24:40 Gold Shaft Mining
23:56 Stone Mining
24:33 Padded Archer Armor
27:13 Chemistry
26:15 Bracer
26:36 Conscription
26:47 Leather Archer Armor
26:29 Arbalester
29:56 Ring Archer Armor
29:46 Siege Engineers
31:16 Forging
31:08 Scale Mail Armor
31:31 Caravan
31:45 Thumb Ring
32:17 Torsion Engines
33:23 Chain Mail Armor
33:10 Squires
34:39 Plate Mail Armor
33:32 Elite Shotel Warrior
35:55 Forging
35:36 Elite Skirmisher
36:09 Arson
35:57 Halberdier
37:12 Iron Casting
TheShadowrawen
7:08 Feudal Age
10:50 Castle Age
9:30 Double-Bit Axe
9:54 Horse Collar
18:07 Loom
19:23 Fortified Wall
20:23 Fletching
20:00 Elite Skirmisher
21:05 Bodkin Arrow
21:56 Ballistics
22:35 Eupseong
24:04 Wheelbarrow
27:42 Imperial Age
26:55 Crossbowman
27:40 Thumb Ring
28:23 Bracer
29:25 Chemistry
30:56 Conscription
33:30 Masonry
33:01 Treadmill Crane
33:48 Caravan
34:04 Stone Mining
34:07 Gold Mining
34:12 Arrowslits
37:57 Architecture
37:24 Murder Holes
FeelMySpike
7:24 Feudal Age
11:15 Castle Age
9:32 Horse Collar
9:51 Double-Bit Axe
12:16 Bow Saw
18:06 Wheelbarrow
17:16 Loom
18:58 Stone Mining
19:07 Gold Mining
25:34 Imperial Age
24:48 Scale Barding Armor
24:54 Forging
25:19 Hand Cart
26:10 Coinage
26:03 Chain Barding Armor
26:09 Bloodlines
26:07 Husbandry
28:13 Plate Barding Armor
29:25 Fletching
29:51 Forging
30:07 Conscription
30:30 Elite Mameluke
34:01 Bimaristan
34:30 Fletching
Maverick_Taha
7:12 Feudal Age
11:08 Castle Age
9:23 Double-Bit Axe
9:24 Horse Collar
12:07 Bow Saw
12:28 Heavy Plow
13:08 Wheelbarrow
19:41 Hand Cart
19:17 Town Watch
19:21 Loom
20:46 Gold Mining
20:47 Stone Mining
24:28 Imperial Age
25:19 Scale Barding Armor
25:40 Ballistics
26:20 Chemistry
25:01 Elite Ballista Elephant
26:35 Chain Barding Armor
26:27 Bloodlines
26:17 Husbandry
27:17 Conscription
27:00 Double Crossbow
27:52 Plate Barding Armor
28:43 Siege Engineers
28:46 Fletching
29:08 Masonry
33:19 Forging
Patoshiq
7:31 Feudal Age
8:40 Double-Bit Axe
11:35 Castle Age
9:30 Horse Collar
13:08 Bow Saw
14:25 Wheelbarrow
24:55 Imperial Age
23:09 Hand Cart
22:39 Loom
22:40 Town Watch
23:37 Fletching
24:10 Ballistics
23:56 Heavy Plow
24:49 Bodkin Arrow
24:55 Padded Archer Armor
26:51 Chemistry
26:27 Bracer
27:33 Leather Archer Armor
28:33 Fortified Wall
29:22 Ring Archer Armor
28:53 Scale Mail Armor
29:20 Elite Skirmisher
30:43 Hoardings
29:49 Elite Skirmisher
31:44 Masonry
34:41 Thumb Ring
35:26 Crossbowman
Raptiye Rap Rap
7:39 Feudal Age
11:55 Castle Age
17:11 Imperial Age
14:38 Double-Bit Axe
17:54 Fletching
17:53 Loom
19:01 Bodkin Arrow
24:38 Bracer
29:39 Horse Collar
33:38 Atonement
35:06 Conscription
Connection lost

Rejoining the realm…

Still unreachable

The connection could not be restored.

Session expired

The server has moved on; the page needs a fresh start.